[Event "*** Titled Tuesday Blitz"]
[Site "Chess.com"]
[Date "2020.02.04"]
[Round "3"]
[White "ural58"]
[Black "Chigorinetz"]
[Result "0-1"]
[WhiteElo "2329"]
[BlackElo "2566"]
[TimeControl "180+2"]
[EndTime "13:40:53 PST"]
[Termination "Chigorinetz won by resignation"]

1. e4 c5 2. b3 e6 3. Qe2 Nc6 4. Bb2 Nd4 5. Qd3 d5 6. exd5 Qxd5 7. Nc3 Qd8 8. O-O-O Nf6 9. Nb5 Nxb5 10. Qxb5+ Bd7 11. Qxb7 Rb8 12. Qa6 Be7 13. Nf3 O-O 14. Ne5 Rb6 15.
Qd3 a5 16. Nxd7 Nxd7 17. a4 Qc7 18. Qg3 e5 19. Bc4 Rg6 20. Qh3 Nb6 21. d3 e4 22.
Rhe1 Qf4+ 23. Qe3 Bg5 24. Qxf4 Bxf4+ 25. Kb1 exd3 26. Bxd3 Rxg2 27. Rg1 Rxg1 28. Rxg1 g6 29. h3 Re8 30. Bc3 c4 31. Bxc4 Nxc4 32. bxc4 Rc8 33. Kb2 Rxc4 34. Kb3 Rc5 35. Rd1 Kf8 36. Rd8+ Ke7 37.
Ra8 Bc7 38. Ra7 Kd6 39. Bd2 Kc6 40. Ra6+ Kd7 41. Rf6 Ke7 42. Rf3 Rh5 43. Rc3 Kd7 44. Rd3+ Kc6 45. Rf3 f5 46. Kc4 Rh4+ 47. Kb3 Re4 48.
Be3 Be5 49. c3 h5 50. Ba7 f4 51. Rd3 g5 52. Rd8 g4 53. hxg4 hxg4 54. Rg8 g3 55.
fxg3 fxg3 56. Rg5 Bc7 57. Bd4 Re2 58. Kc4 g2 59. Rg6+ Kb7 60. Kd5 Bh2 61. c4 Rd2 62. Rg7+ Kc8 63. Rg8+ Kd7 64. Rg7+ Ke8 65. Rg8+ Ke7 66.
Rg7+ Kf8 67. Rg4 g1=Q 68. Rxg1 Bxg1 0-1

[Event "*** Titled Tuesday Blitz"]
[Site "Chess.com"]
[Date "2020.02.04"]
[Round "3"]
[White "Kira170"]
[Black "Lagmantr"]
[Result "1-0"]
[WhiteElo "2536"]
[BlackElo "2743"]
[TimeControl "180+2"]
[EndTime "13:40:59 PST"]
[Termination "Kira170 won by resignation"]

1. d4 d5 2. c4 e6 3. Nf3 Nf6 4.
Nc3 c6 5. e3 Nbd7 6. Bd3 dxc4 7. Bxc4 b5 8. Bb3 Bb7 9. O-O Be7 10. e4 b4 11. Na4 Nxe4 12. Re1 c5 13. d5 exd5 14. Bxd5 Bxd5 15. Qxd5 Nef6 16. Qd6 Kf8 17. Qg3 Nb6 18. Nxb6 axb6 19. Ne5 Bd6 20. Qf3 Bxe5 21. Rxe5 Ra7 22. Bg5 h6 23. Bh4 g5 24. Bg3 Kg7 25.
Rf5 Re8 26. Be5 Re6 27. h4 gxh4 28. Rd1 Qe7 29. Qf4 Kg6 30. Bxf6 Rxf6 31. Rxf6+ Qxf6 32. Rd6 Qxd6 33. Qxd6+ f6 34. Qd3+ Kg7 35. Qd5 Ra5 36. Qc4 Ra7 37. Kh2 Kg6 38. Kh3 f5 39. Kxh4 Re7 40.
Qg8+ Kf6 41. f4 Re2 42. Qf8+ Kg6 43. Qg8+ Kf6 44. Kh3 Re3+ 45. g3 Re6 46. Qc8 Ke7 47.
Qc7+ Ke8 48. Qh7 Kd8 49. Qxf5 Ke7 50. Qh7+ Kd6 51. Qd3+ Kc6 52. f5 Rd6 53. Qf3+ Kd7 54. Kg4 Ke7 55. Kh5 Kf6 56. Qf4 Rd4 57. Qxh6+ Kxf5 58.
Qh7+ Kf6 59. g4 Rd1 60. Qf5+ Kg7 61. Qe5+ Kh7 62. Kg5 Rd7 63. Qe6 Rg7+ 64. Kh5 Kh8 65. g5 Rh7+ 66. Kg4 Kg7 67. Qxb6 Rh8 68. Qxc5 b3 69.
axb3 Rf8 70. Qxf8+ Kxf8 71. b4 Ke7 72. b5 Kd6 73. g6 Kc5 74. g7 Kb4 75. g8=Q Ka4 76.
b6 1-0

[Event "*** Titled Tuesday Blitz"]
[Site "Chess.com"]
[Date "2020.02.04"]
[Round "3"]
[White "Firouzja2003"]
[Black "AvitalBor"]
[Result "1/2-1/2"]
[WhiteElo "3149"]
[BlackElo "2746"]
[TimeControl "180+2"]
[EndTime "13:41:14 PST"]
[Termination "Game drawn - insufficient material"]

1. e4 e5 2. Nf3 Nc6 3. Nc3 Nf6 4. d4 exd4 5. Nxd4 Bb4 6. Nxc6 bxc6 7. Bd3 d5 8. exd5 cxd5 9. O-O O-O 10. Bg5 c6 11. Qf3 Re8 12. Rfe1 Be6 13. a3 Bd6 14. Ne2 Be5 15. c3 h6 16. Bf4 Bg4 17. Qg3 Bxe2 18. Bxe5 Rxe5 19. Rxe2 Rxe2 20. Bxe2 Qb6 21. b4 Re8 22.
Bd3 Ne4 23. Re1 Re6 24. Bxe4 dxe4 25. Qf4 Qa6 26. Rd1 Qe2 27. Rd8+ Kh7 28. Qf5+ Rg6 29. h4 e3 30. h5 exf2+ 31. Qxf2 Qxh5 32. Rd7 Rf6 33. Qc2+ g6 34. Qd3 Qe5 35. Qd2 a5 36. Rd8 axb4 37. axb4 h5 38. Qd4 Qe1+ 39. Kh2 Qf1 40. Rc8 Qf5 41. Rd8 Qg5 42. Re8 h4 43. Re4 Qg3+ 44. Kg1 Kg7 45. Rxh4 Qd6 46. Qxd6 Rxd6 47. Rc4 Kf6 48. Rc5 Ke6 49. Kf2 Kd7 50. Ke3 Rd1 51. Kf4 Rf1+ 52. Kg5 Kd6 53. g4 Rf3 54. Kh6 Kd7 55. Kg7 Kd6 56. g5 Kd7 57. c4 Rf4 58. Ra5 Ke6 59. Rc5 Kd6 60. Ra5 Rxc4 61. Kxf7 Rxb4 62.
Kxg6 c5 63. Kf6 Rf4+ 64. Kg6 c4 65. Ra6+ Kc5 66. Rf6 Rg4 67. Rf8 c3 68. Rc8+ Kb4 69. Kf5 Rg1 70. g6 Kb3 71. Kf6 c2 72. Rxc2 Kxc2 73.
g7 Rxg7 74. Kxg7 1/2-1/2

[Event "*** Titled Tuesday Blitz"]
[Site "Chess.com"]
[Date "2020.02.04"]
[Round "3"]
[White "BeanScreen"]
[Black "Blitzstream"]
[Result "1/2-1/2"]
[WhiteElo "2565"]
[BlackElo "2721"]
[TimeControl "180+2"]
[EndTime "13:41:18 PST"]
[Termination "Game drawn by repetition"]

1. e4 d5 2. exd5 Qxd5 3. Nc3 Qa5 4. d4 Nf6 5. Nf3 c6 6. Bc4 Bf5 7. Bd2 e6 8. Nd5 Qd8 9. Nxf6+ Qxf6 10. Qe2 Bd6 11.
c3 O-O 12. h3 h6 13. O-O Nd7 14. Rad1 Nb6 15. Bb3 a5 16. a4 Nd5 17. Rfe1 Nf4 18. Bxf4 Bxf4 19. Bc2 Bxc2 20. Qxc2 Rad8 21. Qe4 Bc7 22.
Ne5 Bxe5 23. Qxe5 Rd5 24. Qxf6 gxf6 25. Kf1 Rfd8 26. Ke2 f5 27. f4 Kg7 28. Rd3 Kf6 29.
Red1 Rg8 30. Kf3 h5 31. g3 Rgd8 32. Ke3 b5 33. Ra1 Rb8 34. Rd2 b4 35. c4 Rd7 36.
b3 Rbd8 37. Rad1 Rg8 38. Kf3 Rgd8 39. Ke3 Kg6 40. h4 f6 41. Rd3 Kf7 42. R1d2 Ke7 43.
Rd1 Rd6 44. R1d2 R8d7 45. Rd1 Kd8 46. R1d2 Kc7 47. Rd1 Rd8 48. R1d2 R6d7 49. Rd1 Kb6 50. R1d2 Kc7 51. Rd1 c5 52. dxc5 Rxd3+ 53. Rxd3 Rxd3+ 54. Kxd3 e5 55. Ke3 Kc6 56. Kd3 Kxc5 57. Ke3 e4 58. Ke2 Kd4 59. Kd2 Kc5 60. Ke3 Kc6 61. Kd4 Kd6 62. c5+ Kc7 63. Kc4 Kd7 64. Kd4 Kc6 65.
Kc4 Kb7 66. Kd4 Kc7 67. Kc4 Kd7 68. Kd4 Kc6 69. Kc4 Kd7 1/2-1/2

[Event "*** Titled Tuesday Blitz"]
[Site "Chess.com"]
[Date "2020.02.04"]
[Round "3"]
[White "SF-96"]
[Black "Andro2"]
[Result "0-1"]
[WhiteElo "2605"]
[BlackElo "2438"]
[TimeControl "180+2"]
[EndTime "13:41:26 PST"]
[Termination "Andro2 won by resignation"]

1. b3 d5 2. Bb2 Bg4 3. f3 Bf5 4.
e3 Nd7 5. d4 e6 6. Nc3 Ngf6 7. Bd3 Bg6 8. Nge2 Bd6 9. Qd2 Qe7 10.
Nb5 O-O 11. Nxd6 Qxd6 12. O-O Rfe8 13. Nf4 e5 14. dxe5 Nxe5 15. Be2 Rad8 16. Rad1 Qb6 17.
c4 c6 18. cxd5 Nxd5 19. Nxd5 Rxd5 20. Qc3 Rxd1 21. Rxd1 f6 22. Kf2 Bf7 23. f4 Ng6 24. g3 Ne7 25. Bf3 Bd5 26. Bh5 Bf7 27. Bxf7+ Kxf7 28. Rd7 Kf8 29. Ba3 Qa6 30. Qc5 b6 31. Qd6 c5 32. Bb2 Qxa2 33. Qd2 Qxb3 34. Rxa7 Qe6 35.
Qc2 Kg8 36. Kg2 Nd5 37. Bc1 Nxe3+ 38. Bxe3 Qxe3 39. Qc4+ Qe6 40. Qb5 Qd5+ 41. Kh3 Qh5+ 42. Kg2 Qe2+ 43. Qxe2 Rxe2+ 44. Kh3 Rb2 45. Rc7 Rb4 46. Kg4 c4 47. Kf5 Rb5+ 48. Ke6 Rc5 49. Rb7 h6 50. Rb8+ Kh7 51. Rxb6 c3 52. Rb1 c2 53.
Rc1 Kg6 54. g4 h5 55. h3 hxg4 56. hxg4 Kh6 57. Rh1+ Kg6 58. Rc1 Rc4 59. g5 fxg5 60. f5+ Kh5 61. Kf7 Rc7+ 62. Ke6 g4 63. f6 gxf6 64.
Kxf6 g3 65. Kf5 g2 66. Kf4 Kh4 67. Kf3 Kh3 68. Kf2 Kh2 69. Rg1 Rf7+ 70. Ke2 0-1

[Event "*** Titled Tuesday Blitz"]
[Site "Chess.com"]
[Date "2020.02.04"]
[Round "3"]
[White "czasnaszachy"]
[Black "M1711"]
[Result "1/2-1/2"]
[WhiteElo "2303"]
[BlackElo "2502"]
[TimeControl "180+2"]
[EndTime "13:41:31 PST"]
[Termination "Game drawn by repetition"]

1. d4 Nf6 2. c4 e6 3. Nc3 Bb4 4. e3 O-O 5. Ne2 c6 6. a3 Ba5 7. b4 Bc7 8. Bb2 d5 9. Ng3 Nbd7 10. Be2 dxc4 11. Bxc4 e5 12. O-O exd4 13. Qxd4 Nb6 14.
Bb3 Qxd4 15. exd4 Bd7 16. Rad1 Rad8 17. d5 Nfxd5 18. Nxd5 Nxd5 19. Bxd5 cxd5 20. Rxd5 Be6 21. Rg5 f6 22. Rc5 Bb6 23. Rc2 Bb3 24. Rc3 Ba4 25. Bc1 Rfe8 26. Be3 Bxe3 27. fxe3 Rd7 28. Rfc1 Bc6 29.
R1c2 Rd1+ 30. Kf2 Red8 31. Nf5 R1d2+ 32. Kg3 Rxc2 33. Rxc2 Be4 34. Rf2 Rd3 35. Kf4 Bxf5 36. Kxf5 Rxa3 37. Rc2 Rxe3 38. Rc7 Re5+ 39. Kf4 Rb5 40. Rc4 Kf7 41. h4 h5 42. g3 Kg6 43.
Kf3 b6 44. Kf4 a5 45. bxa5 bxa5 46. Rc7 Rb4+ 47. Kf3 a4 48. Ra7 Rg4 49. Kf2 Kf5 50. Kf3 Ke5 51. Ra5+ Ke6 52. Rxh5 Rb4 53. Ra5 Kd6 54.
Ra7 g6 55. Ra6+ Ke5 56. g4 Rb3+ 57. Kf2 a3 58. h5 gxh5 59. gxh5 Kf5 60. h6 Kg6 61. h7 Rh3 62. Rxa3 Rxh7 63. Ra5 Rh3 64. Kg2 Rc3 65. Rb5 f5 66. Rb4 Kg5 67. Ra4 Rb3 68.
Rc4 Re3 69. Ra4 Rc3 70. Rb4 Re3 71. Ra4 Kf6 72. Rf4 Ke5 73. Ra4 Re4 74. Ra3 Kf4 75.
Rf3+ Kg5 76. Ra3 Rg4+ 77. Kf2 Rf4+ 78. Kg2 Rg4+ 79. Kf2 Rb4 80. Rc3 Ra4 81. Rb3 Kg4 82. Rc3 Ra2+ 83. Kf1 Rd2 84. Rb3 Rd4 85. Ra3 Kg5 86. Kf2 Rf4+ 87. Kg2 Rg4+ 1/2-1/2

[Event "*** Titled Tuesday Blitz"]
[Site "Chess.com"]
[Date "2020.02.04"]
[Round "3"]
[White "kleinebeer98"]
[Black "Hrant_ChessMood"]
[Result "1-0"]
[WhiteElo "2701"]
[BlackElo "2895"]
[TimeControl "180+2"]
[EndTime "13:41:41 PST"]
[Termination "kleinebeer98 won on time"]

1. e4 e6 2. d4 d5 3. Nc3 Bb4 4. e5 c5 5. a3 Ba5 6. b4 cxd4 7. Nb5 Bc7 8. f4 Bd7 9. Nxc7+ Qxc7 10. Nf3 Ne7 11. Bd3 Ba4 12. O-O a6 13. Kh1 Nbc6 14. Bb2 Bb5 15. Nxd4 Nxd4 16. Bxd4 Bxd3 17. cxd3 Nf5 18.
Rc1 Qd8 19. Bc5 b6 20. Qa4+ b5 21. Qd1 h5 22. Rc2 Qd7 23. Qf3 f6 24. Re2 Kf7 25.
Rfe1 Rae8 26. h3 h4 27. Bf2 Rh6 28. Kh2 Kg8 29. Qg4 Qf7 30. Rc1 Rg6 31. Qf3 Ng3 32.
Ree1 Rf8 33. exf6 Qxf6 34. Be3 Nf5 35. Bf2 Nd4 36. Qe3 Nf5 37. Qe5 Qxe5 38. Rxe5 Ra8 39. Rc6 Kf7 40. Rc7+ Kg8 41. Be1 Rf6 42. Bc3 Rg6 43. Re2 Kf8 44. Be5 Kg8 45. Kg1 Rg3 46. Rd2 a5 47. Rb7 axb4 48. axb4 Rc8 49. Rxb5 Rc1+ 50. Kf2 Ne3 51. Rb8+ Kh7 52. f5 Nxf5 53.
Bxg3 hxg3+ 54. Kf3 Rf1+ 55. Kg4 e5 56. Re2 d4 57.
Rxe5 g6 58. b5 Rf2 59. b6 Rxg2 60. b7 Rb2 61. Rxf5 gxf5+ 62. Kxg3 Kg7 63. Kf4 Rb5 64.
h4 Kh7 65. h5 Kg7 66. Kg5 Kh7 67. h6 Rb4 68. Kxf5 Rb1 69. Ke4 Rb4 70. Kd5 1-0

[Event "*** Titled Tuesday Blitz"]
[Site "Chess.com"]
[Date "2020.02.04"]
[Round "3"]
[White "Perecke"]
[Black "TheRigos"]
[Result "1/2-1/2"]
[WhiteElo "2282"]
[BlackElo "2554"]
[TimeControl "180+2"]
[EndTime "13:42:12 PST"]
[Termination "Game drawn by agreement"]

1. e4 c5 2. Nf3 d6 3. d4 cxd4 4. Nxd4 Nf6 5. Nc3 a6 6. h3 e6 7. g4 b5 8. Bg2 Bb7 9. O-O Nfd7 10. Be3 Be7 11. f4 Nc6 12. f5 Nxd4 13. Bxd4 Ne5 14. fxe6 fxe6 15. Bxe5 dxe5 16. Qf3 Rf8 17. Qg3 Qb6+ 18. Kh1 b4 19. Ne2 Qb5 20. Rxf8+ Bxf8 21. Nc1 Bc5 22. Qxe5 O-O-O 23. Nd3 Bd4 24. Qxb5 axb5 25. Rb1 Be3 26. Bf3 Rd4 27. Re1 Bd2 28. Re2 Bg5 29. Kg2 Bh4 30. e5 Bd5 31. Bxd5 exd5 32. b3 Be7 33.
Kf3 Kc7 34. Ke3 Re4+ 35. Kf3 Rd4 36. Nf4 Kd7 37. Nd3 Kc6 38. Ke3 Re4+ 39. Kd2 Bg5+ 40.
Kd1 Rd4 41. Rf2 h5 42. gxh5 Rh4 43. Rf7 Bh6 44. Nxb4+ Rxb4 45. e6 Re4 46. e7 Kd7 47. e8=Q+ Kxe8 48. Rb7 b4 49. Rb5 Rd4+ 50. Ke1 Ke7 51.
Rb6 Rh4 52. Ke2 Rxh3 53. Rxb4 Rxh5 54. a4 Rh2+ 55. Kd3 Kd6 56. a5 Rh3+ 57. Ke2 Rh2+ 58. Kd3 Rd2+ 59. Kc3 Rd1 60. Rb6+ Ke5 61. a6 Be3 62.
Rb7 Ra1 63. Rxg7 Bd4+ 64. Kd3 Rxa6 65. Rg5+ Kf4 66. Rxd5 Bf2 67. c4 Rb6 68. Kc2 Ke4 69. Rd7 Bd4 70. Re7+ Be5 71. Rd7 Ra6 72. b4 Rh6 73. Kb3 Rh1 74. b5 Rb1+ 75. Ka4 Bc3 76. Rd5 Rb4+ 77. Ka3 Rxc4 78. Rd8 Bd4 79. Kb3 Rc1 80.
b6 Rb1+ 81. Kc4 Rxb6 82. Rxd4+ Ke5 83. Rd5+ Ke6 84. Rd1 Rc6+ 85. Kb5 1/2-1/2

[Event "*** Titled Tuesday Blitz"]
[Site "Chess.com"]
[Date "2020.02.04"]
[Round "3"]
[White "korbul"]
[Black "WelshTiger"]
[Result "1-0"]
[WhiteElo "2571"]
[BlackElo "2327"]
[TimeControl "180+2"]
[EndTime "13:42:13 PST"]
[Termination "korbul won by resignation"]

1. d4 Nf6 2. Nf3 e6 3. Bf4 c5 4. Nc3 d5 5. Nb5 Na6 6. e3 Be7 7. h3 O-O 8. c3 Bd7 9. Be2 Qb6 10. a4 c4 11. O-O Bxb5 12. axb5 Qxb5 13. b4 Nd7 14. e4 Qc6 15. e5 f5 16. Qd2 Nc7 17.
Kh1 a6 18. Rg1 Rf7 19. g4 fxg4 20. Rxg4 Nf8 21. Rag1 Ng6 22. Be3 Raf8 23. Ng5 Bxg5 24.
Rxg5 Rf5 25. R5g3 Qe8 26. Bd1 Qe7 27. Bc2 Rf3 28. Bg5 Qf7 29. Be3 Ne8 30. Bd1 Rxg3 31. Rxg3 Nf4 32. Rf3 g5 33. Rg3 h6 34. Bg4 Ng7 35. h4 gxh4 36. Rg1 Kh8 37. Kh2 h5 38. Bd1 Qf5 39. Bxf4 Qxf4+ 40. Qxf4 Rxf4 41. f3 Kg8 42. Be2 Kf7 43. b5 Nf5 44. bxa6 bxa6 45. Ra1 Nxd4 46. cxd4 Rxd4 47. Kg2 Kg6 48. Kf2 Rd2 49. Ke3 Rb2 50.
Rxa6 Kf5 51. f4 d4+ 52. Kf3 d3 53. Bf1 Rh2 54. Ra8 d2 55. Rf8+ Kg6 56. Be2 c3 57. Rc8 Rh1 58. Bd3+ Kg7 59. Rc7+ Kf8 60. Be2 d1=Q 61.
Bxd1 Rxd1 62. Rxc3 Kg7 63. Rc6 Kf7 64. Rc7+ Ke8 65.
Rh7 Rf1+ 66. Ke3 Re1+ 67. Kf2 Ra1 68. Rxh5 Kf7 69. Rh6 Ra2+ 70. Kf3 Ra3+ 71. Kg4 h3 72. Rxh3 Ra1 73. Rh7+ Kg6 74. Re7 Ra6 75. Rd7 Ra8 76.
Rd6 Re8 77. f5+ Kf7 78. Rd7+ Kf8 79. f6 Ra8 80. Kg5 Ra1 81. Re7 Rg1+ 82. Kf4 Rf1+ 83. Kg3 Re1 84. Rxe6 Kf7 85. Re7+ Kg6 86. Rg7+ Kf5 87. f7 Rg1+ 88. Kf2 Rxg7 89. f8=Q+ Kg6 90. Qf6+ Kh7 91. Ke3 1-0

[Event "*** Titled Tuesday Blitz"]
[Site "Chess.com"]
[Date "2020.02.04"]
[Round "3"]
[White "Sjakkerntobi"]
[Black "RojonR"]
[Result "0-1"]
[WhiteElo "2261"]
[BlackElo "2414"]
[TimeControl "180+2"]
[EndTime "13:42:13 PST"]
[Termination "RojonR won by checkmate"]

1. e4 c5 2. Nf3 e6 3. d4 cxd4 4. Nxd4 Qb6 5. Nb3 a6 6. Be3 Qc7 7. Nc3 Nf6 8. a3 b5 9. Bd3 Bb7 10. O-O Be7 11. f4 d6 12. Qe1 Nbd7 13. Rd1 O-O 14. Qg3 Kh8 15. e5 dxe5 16. fxe5 Qxe5 17. Bf4 Qh5 18. Na5 Bd5 19. Nxd5 Nxd5 20. Nc6 Nxf4 21.
Qxf4 Qc5+ 22. Kh1 Bf6 23. Be4 Nb6 24. Nb4 Rad8 25. Nd3 Qh5 26. Bf3 Qg6 27. Be4 Qh5 28. Bf3 Qh6 29. Qxh6 gxh6 30. Bb7 Kg7 31. Bxa6 Nc4 32.
Bxb5 Ne3 33. Rde1 Nxf1 34. Rxf1 Rb8 35. a4 Rfd8 36. g3 h5 37. Kg2 h4 38. Kf3 hxg3 39. hxg3 Rd4 40. Ke3 Rg4 41. Kf3 h5 42. c3 e5 43. Nf2 Rg6 44. Ne4 Be7 45. Ke3 h4 46.
gxh4 Bxh4 47. Rf5 f6 48. Rh5 Bg3 49. c4 Bf4+ 50. Kf3 Rg1 51. Nd6 Rb1 52. c5 Rxb2 53. c6 Rc2 54. Nc4 Rc8 55. Rh1 Rxc4 56. Bxc4 Rxc6 57. Bd5 Ra6 58. Bb3 f5 59. Bc2 Kg6 60. Rg1+ Kf6 61. Rb1 Rc6 62. Bd3 Bd2 63. Ke2 Bc3 64.
Bb5 Rd6 65. Rd1 Rb6 66. Rc1 Bd4 67. Rc6+ Rxc6 68. Bxc6 e4 69. a5 Ke5 70. a6 f4 71.
Be8 f3+ 72. Ke1 e3 73. Bb5 Bb6 74. Bd3 Kd4 75. Bb5 Kc5 76. Bd3 Kb4 77. Bf1 Kc3 78. Bb5 Kc2 79. Bf1 Ba5# 0-1

[Event "*** Titled Tuesday Blitz"]
[Site "Chess.com"]
[Date "2020.02.04"]
[Round "4"]
[White "KRASAVCHIK2002"]
[Black "mishanick"]
[Result "0-1"]
[WhiteElo "2522"]
[BlackElo "2999"]
[TimeControl "180+2"]
[EndTime "13:43:27 PST"]
[Termination "mishanick won by resignation"]

1. e4 c5 2. Nf3 d6 3. d4 cxd4 4. Nxd4 Nf6 5. Nc3 a6 6. f3 e5 7.
Nb3 Be6 8. Be3 Nbd7 9. Qd2 b5 10. O-O-O Be7 11. g4 b4 0-1

[Event "*** Titled Tuesday Blitz"]
[Site "Chess.com"]
[Date "2020.02.04"]
[Round "4"]
[White "Alopekos"]
[Black "Gentlejimmy7"]
[Result "1-0"]
[WhiteElo "2485"]
[BlackElo "2644"]
[TimeControl "180+2"]
[EndTime "13:44:12 PST"]
[Termination "Alopekos won by resignation"]

1. e4 c5 2. Nc3 Nc6 3. Nge2 g6 4. d4 cxd4 5. Nxd4 Bg7 6. Nxc6 bxc6 7. Bc4 e6 8. O-O d5 9. exd5 cxd5 10. Nxd5 exd5 11.
Bxd5 Be6 12. Bc6+ Kf8 13. Bxa8 Qxa8 14. Qd6+ Ne7 15. Bg5 Qe8 16. Rad1 h6 17. Bxe7+ Qxe7 18. Qb8+ 1-0

[Event "*** Titled Tuesday Blitz"]
[Site "Chess.com"]
[Date "2020.02.04"]
[Round "4"]
[White "hanzo_hasashi1"]
[Black "Joshukid"]
[Result "1-0"]
[WhiteElo "2908"]
[BlackElo "2603"]
[TimeControl "180+2"]
[EndTime "13:44:19 PST"]
[Termination "hanzo_hasashi1 won by resignation"]

1. Nf3 Nf6 2. c4 e6 3. Nc3 d5 4. d4 a6 5. cxd5 exd5 6. Bg5 Be6 7. Qb3 b5 8. a4 b4 9. Bxf6 Qxf6 10. Nxd5 Qd8 11. e4 c6 12. Qe3 cxd5 13. exd5 Qxd5 14. Rc1 Nc6 15. Bc4 Qa5 16. Bxe6 1-0

[Event "*** Titled Tuesday Blitz"]
[Site "Chess.com"]
[Date "2020.02.04"]
[Round "4"]
[White "Galiev_Azat"]
[Black "comsac"]
[Result "1-0"]
[WhiteElo "2278"]
[BlackElo "2335"]
[TimeControl "180+2"]
[EndTime "13:44:44 PST"]
[Termination "Galiev_Azat won by resignation"]

1. d4 d5 2. Bf4 e6 3. e3 Nf6 4. Nd2 Bd6 5. Bg3 c6 6. Ngf3 Qc7 7. Ne5 Bxe5 8. Bxe5 Qe7 9. Bd3 Nbd7 10. Nf3 Nxe5 11. Nxe5 c5 12. c3 Bd7 13. O-O O-O 14.
f4 c4 15. Bc2 b5 16. Rf3 Rfb8 17. Rh3 a5 18. Bxh7+ Kf8 19. Bg6 Be8 20. Rh8+ Ng8 21. Bh7 1-0

[Event "*** Titled Tuesday Blitz"]
[Site "Chess.com"]
[Date "2020.02.04"]
[Round "4"]
[White "Sneakiest_Of_Snakes"]
[Black "PNEPaul"]
[Result "0-1"]
[WhiteElo "2186"]
[BlackElo "1815"]
[TimeControl "180+2"]
[EndTime "13:45:15 PST"]
[Termination "PNEPaul won by checkmate"]

1. e4 e5 2. Nf3 Nc6 3. Bc4 g6 4. O-O Bg7 5. c3 Nge7 6. d4 exd4 7. cxd4 d6 8. Nc3 O-O 9. h3 h6 10. Be3 Kh7 11. Rc1 f5 12. exf5 Nxf5 13. Qd2 Nh4 14. Nxh4 Qxh4 15. Rcd1 Bxh3 16. gxh3 Qxh3 17. Bd5 Rf5 18. Bg2 Qh4 19. Ne4 Rh5 20. Bf4 Nxd4 21. Ng3 Qh2# 0-1

[Event "*** Titled Tuesday Blitz"]
[Site "Chess.com"]
[Date "2020.02.04"]
[Round "4"]
[White "SerGo055"]
[Black "JonahWillow"]
[Result "0-1"]
[WhiteElo "2546"]
[BlackElo "2746"]
[TimeControl "180+2"]
[EndTime "13:46:12 PST"]
[Termination "JonahWillow won by checkmate"]

1. d4 Nf6 2. Nf3 e6 3. c4 c5 4. g3 cxd4 5. Nxd4 Nc6 6. Bg2 Qb6 7. Nb3 h5 8. Be3 Qc7 9. Nc3 a6 10. Rc1 h4 11. O-O hxg3 12. hxg3 Qe5 13. Bf3 Qf5 14. Re1 Ne5 15. Nd4 Nxf3+ 16. Nxf3 Qh3 17. Nh4 Ng4 18.
f3 Qh2+ 19. Kf1 Nxe3# 0-1

[Event "*** Titled Tuesday Blitz"]
[Site "Chess.com"]
[Date "2020.02.04"]
[Round "4"]
[White "WeAintSurePal"]
[Black "PaulfromSPb"]
[Result "0-1"]
[WhiteElo "2389"]
[BlackElo "2627"]
[TimeControl "180+2"]
[EndTime "13:46:28 PST"]
[Termination "PaulfromSPb won by resignation"]

1. d4 Nf6 2. c4 e6 3. g3 c5 4.
Nf3 cxd4 5. Nxd4 d5 6. Bg2 e5 7. Nb5 d4 8. O-O a6 9. N5a3 Nc6 10.
e3 Bc5 11. exd4 exd4 12. Re1+ Be6 13. Bg5 O-O 14. Nd2 h6 15. Bxf6 Qxf6 16. Ne4 Qe7 17. Nxc5 Qxc5 18. Rc1 Rad8 19. Nb1 d3 20. Nd2 Nd4 21.
Nb3 Ne2+ 22. Kf1 Qb4 23. Rxe2 dxe2+ 24. Qxe2 Rfe8 25. Qc2 Bxc4+ 26. Kg1 Re1+ 0-1

[Event "*** Titled Tuesday Blitz"]
[Site "Chess.com"]
[Date "2020.02.04"]
[Round "4"]
[White "CaptainCasanova"]
[Black "Slovak_fighter2000"]
[Result "1-0"]
[WhiteElo "2715"]
[BlackElo "2514"]
[TimeControl "180+2"]
[EndTime "13:46:37 PST"]
[Termination "CaptainCasanova won by resignation"]

1. e4 e6 2. d4 d5 3. Bd3 dxe4 4. Bxe4 Nf6 5. Bf3 c5 6. Ne2 Nc6 7. Be3 cxd4 8. Nxd4 Ne5 9. Nc3 Be7 10. Qe2 a6 11. O-O-O Nxf3 12. Nxe6 Qa5 13. Nxg7+ Kf8 14.
gxf3 Kxg7 15. Rhg1+ Kf8 16. Bh6+ Ke8 17. Bg7 Rg8 18.
Bxf6 1-0

[Event "*** Titled Tuesday Blitz"]
[Site "Chess.com"]
[Date "2020.02.04"]
[Round "4"]
[White "vovachesss"]
[Black "TigrVShlyape"]
[Result "0-1"]
[WhiteElo "2565"]
[BlackElo "2831"]
[TimeControl "180+2"]
[EndTime "13:46:39 PST"]
[Termination "TigrVShlyape won by resignation"]

1. e4 c5 2. d4 cxd4 3. c3 Nf6 4. e5 Nd5 5. Nf3 Nc6 6. Bc4 Nb6 7. Bb3 d5 8. exd6 Qxd6 9. O-O Be6 10. Qe2 d3 11. Qe4 Bxb3 12. axb3 e6 13. Rd1 Rd8 14. Qg4 h5 15. Qg5 Qd5 16. Qg3 Qxb3 17. Nbd2 Qxd1+ 18. Nf1 d2 19. Nxd2 h4 20. Qe3 h3 21. gxh3 Qh5 22.
Nf3 Qxh3 23. Bd2 Nd5 24. Qe4 Bc5 25. Ng3 Nf6 26. Qc4 Bb6 27. Be3 Bxe3 28. fxe3 Ng4 0-1

[Event "*** Titled Tuesday Blitz"]
[Site "Chess.com"]
[Date "2020.02.04"]
[Round "4"]
[White "arjwezhrtdrz"]
[Black "HanSchut"]
[Result "0-1"]
[WhiteElo "2239"]
[BlackElo "2331"]
[TimeControl "180+2"]
[EndTime "13:46:42 PST"]
[Termination "HanSchut won by resignation"]

1. e4 c5 2. c3 g6 3. Nf3 Bg7 4. d3 Nc6 5. a4 e6 6. g3 Nge7 7. Bg2 O-O 8. O-O Rb8 9. h3 d6 10. Nh2 a6 11. f4 b5 12. axb5 axb5 13. Be3 b4 14. Nd2 bxc3 15. bxc3 Bxc3 16. Rc1 Bd4 17. Bxd4 Nxd4 18. Nhf3 Nec6 19. Nxd4 Nxd4 20. Nf3 Nxf3+ 21. Bxf3 Qb6 22. Kh2 Qb3 23. Qxb3 Rxb3 24. Rfd1 Ba6 25. d4 Rxf3 26. dxc5 dxc5 27. Rxc5 Rb8 28. Rd2 Rbb3 29. Rg5 h6 30. Rg4 Rfd3 31. Rf2 Rf3 32. Rd2 Bd3 33. e5 Bf5 0-1

[Event "*** Titled Tuesday Blitz"]
[Site "Chess.com"]
[Date "2020.02.04"]
[Round "4"]
[White "DenishevM"]
[Black "vellottiwizard"]
[Result "1-0"]
[WhiteElo "2528"]
[BlackElo "2656"]
[TimeControl "180+2"]
[EndTime "13:46:46 PST"]
[Termination "DenishevM won by resignation"]

1. d4 Nf6 2. Nf3 e6 3. c4 b6 4.
a3 Bb7 5. Nc3 d5 6. cxd5 Nxd5 7.
e3 Nxc3 8. bxc3 Be7 9. Bd3 O-O 10. O-O c5 11. e4 Qc8 12. Qe2 Ba6 13. Bb2 Bxd3 14. Qxd3 Qa6 15. Qe3 Re8 16. Ne5 f6 17.
Nd3 Nc6 18. d5 exd5 19. exd5 Bf8 20. Qh3 Na5 21. Nf4 Qc4 22. Ne6 Qxd5 23. Nc7 Qb3 24. Nxe8 Rxe8 25. Rae1 Rd8 26. Bc1 Qd5 27. Qg4 Nc4 28.
Rd1 1-0

[Event "*** Titled Tuesday Blitz"]
[Site "Chess.com"]
[Date "2020.02.04"]
[Round "4"]
[White "VladimirBelous"]
[Black "Indianlad"]
[Result "0-1"]
[WhiteElo "2745"]
[BlackElo "2939"]
[TimeControl "180+2"]
[EndTime "13:46:50 PST"]
[Termination "Indianlad won by checkmate"]

1. c4 Nf6 2. Nf3 g6 3. g3 Bg7 4. Bg2 O-O 5. O-O c5 6. Nc3 d5 7. cxd5 Nxd5 8. Re1 Nc6 9. Nxd5 Qxd5 10. d3 Qh5 11. a3 Bh3 12. Bxh3 Qxh3 13. Be3 Bxb2 14. Rb1 Bc3 15. Bd2 Bxd2 16. Qxd2 b6 17. Rec1 Rad8 18. Rc4 f6 19. Qe3 Rd6 20. d4 cxd4 21. Nxd4 Ne5 22. Rc7 Rfd8 23. Qb3+ Kh8 24. e3 g5 25. Rxe7 g4 26.
Re6 Nf3+ 27. Nxf3 gxf3 28. Rxd6 Qg2# 0-1

[Event "*** Titled Tuesday Blitz"]
[Site "Chess.com"]
[Date "2020.02.04"]
[Round "4"]
[White "killer311"]
[Black "hypert"]
[Result "1-0"]
[WhiteElo "2274"]
[BlackElo "2457"]
[TimeControl "180+2"]
[EndTime "13:46:52 PST"]
[Termination "killer311 won by resignation"]

1. d4 Nf6 2. Nf3 d5 3. e3 e6 4. c4 Bb4+ 5. Bd2 Bxd2+ 6. Qxd2 Ne4 7. Qc2 O-O 8. Nc3 Nxc3 9. bxc3 b6 10. cxd5 exd5 11.
Bd3 Ba6 12. Bxh7+ Kh8 13. Bd3 Bxd3 14. Qxd3 c5 15. h4 c4 16. Qf5 g6 17. Qf4 Kg7 18.
h5 Rh8 19. h6+ Kf8 20. Ne5 Rh7 21. Nxg6+ Kg8 22. Ne5 f6 23. Qg4+ Kf8 24. Qg6 Qe7 25. Qf5 Kg8 26. Qc8+ Qf8 27. Qe6+ Rf7 28. h7+ 1-0

[Event "*** Titled Tuesday Blitz"]
[Site "Chess.com"]
[Date "2020.02.04"]
[Round "4"]
[White "LogoCzar"]
[Black "RestartingChess"]
[Result "1-0"]
[WhiteElo "2516"]
[BlackElo "2350"]
[TimeControl "180+2"]
[EndTime "13:47:15 PST"]
[Termination "LogoCzar won by resignation"]

1. e4 d5 2. exd5 Qxd5 3. Nc3 Qd8 4. d4 Nf6 5. Nf3 Bf5 6. Ne5 e6 7. g4 Bg6 8. h4 Bd6 9. Qe2 h6 10. Nxg6 fxg6 11. Bg2 Nc6 12. Bxc6+ bxc6 13. Qxe6+ Qe7 14.
Qxe7+ Kxe7 15. f3 Rab8 16. Kf2 Bb4 17. Ne4 Nxe4+ 18. fxe4 Rhf8+ 19. Kg2 c5 20. c3 cxd4 21. cxb4 Rxb4 22. a3 Rb3 23. Rf1 Rg3+ 24. Kxg3 Rxf1 25. Bg5+ hxg5 1-0